 Dungeon Crawl Stone Soup version 0.30-a0-591-g3c58d2bc28 (webtiles) character file.

Game seed: 13807895416316027409

394 Leeroy the Insei (level 6, 0/64 HPs)
             Began as a Merfolk Transmuter on Jan 5, 2023.
             Was an Initiate of Wu Jian.
             Succumbed to a scorpion's poison
             ... on level 5 of the Dungeon.
             The game lasted 00:05:43 (2932 turns).

Leeroy the Insei (Merfolk Transmuter)               Turns: 2932, Time: 00:05:44

Health: 0/64       AC: 23    Str: 16    XL:     6   Next: 81%
Magic:  9/9        EV:  2    Int: 15    God:    Wu Jian [......]
Gold:   194        SH:  0    Dex: 14    Spells: 5/9 levels left

rFire   . . .      SeeInvis .    f - +2 dagger (venom)
rCold   . . .      Faith    .    (no shield)
rNeg    . . .      Spirit   .    (body armour currently unavailable)
rPois   +          Reflect  .    (helmet currently unavailable)
rElec   .          Harm     .    (cloak currently unavailable)
rCorr   .          Rampage  .    (gloves currently unavailable)
Will    .....      NoTele   +    (boots currently unavailable)
Stlth   ++                       (no amulet)
HPRegen 0.30/turn                e - ring of flight
MPRegen 0.11/turn                h - +6 ring of strength

@: brilliant, lethally poisoned (0 -> -6), tree-form
A: stationary, stasis, torment immunity, boosted hp, (nimble swimmer 2),
(mertail)
a: Renounce Religion


You were on level 5 of the Dungeon.
You worshipped Wu Jian.
Wu Jian was noncommittal.
You were a tree.
You visited 2 branches of the dungeon, and saw 6 of its levels.

You collected 194 gold pieces.

Inventory:

Hand Weapons
 f - a +2 dagger of venom (weapon)
 i - a +2 dagger of venom
Missiles
 g - 8 poisoned darts (quivered)
 s - a throwing net
Armour
 a - a +0 robe (melded)
 d - a +0 helmet (melded)
 v - a +0 pair of boots (melded)
Jewellery
 e - a ring of flight (left branch)
 h - a +6 ring of strength (right branch)
 r - a +6 ring of intelligence
Wands
 p - a wand of flame (22)
Scrolls
 l - a scroll of blinking {unknown}
 m - a scroll of torment {unknown}
 q - a scroll of identify {unknown}
 t - a scroll of enchant armour {unknown}
 u - a scroll of fog {unknown}
Potions
 c - 2 potions of flight {unknown}
 j - a potion of degeneration {unknown}
 k - a potion of haste {unknown}
 n - 2 potions of brilliance
 o - 2 potions of resistance {unknown}


   Skills:
 - Level 1.1 Fighting
 - Level 2.6 Dodging
 - Level 3.6 Stealth
 - Level 7.0 Unarmed Combat
 - Level 2.0 Spellcasting
 + Level 3.6 Transmutations


You had 5 spell levels left.
You knew the following spells:

 Your Spells              Type           Power      Damage    Failure   Level
a - Beastly Appendage     Tmut           36%        N/A       4%          1
b - Spider Form           Tmut/Pois      10%        N/A       30%         3

Your spell library contained the following spells:

 Spells                   Type           Power      Damage    Failure   Level
 Wereblood                Tmut           18%        N/A       8%          2
 Slow                     Hex            8%         N/A       22%         1
 Confusing Touch          Hex            2%         N/A       54%         3
 Gell's Gravitas          Tloc           2%         N/A       54%         3
 Teleport Other           Tloc           2%         N/A       54%         3
 Vampiric Draining        Necr           2%         2d6       54%         3
 Ice Form                 Ice/Tmut       10%        N/A       71%         4
 Dispersal                Tloc           1%         N/A       100%        6


Dungeon Overview and Level Annotations

Branches:
Dungeon (5/15)             Temple (1/1) D:4

Altars:
Ashenzari
Cheibriados
Fedhas
Gozag
Hepliaklqana
Kikubaaqudgha
Makhleb
Okawaru
Qazlal
Ru
Sif Muna
Trog
Uskayaw
Wu Jian
Yredelemnul
The Shining One

Annotations:
D:3 Natasha


Innate Abilities, Weirdness & Mutations

You are a tree.
Your roots penetrate the ground, keeping you stationary.
You cannot be teleported.
You are immune to unholy pain and torment.
Your maximum health is greatly increased.
Your equipment is partially melded.
((You are very nimble when in or above water. (Stealth+, EV+, Speed+++)))
((Your lower body shifts to a powerful aquatic tail in water.))


Message History

The iguana bites you!
You barely miss the iguana. The iguana bites you!
You closely miss the iguana. The iguana barely misses you.
You closely miss the iguana. The iguana bites you!
You hit the iguana.
The iguana is poisoned.
The iguana is lightly wounded.
The iguana bites you! The iguana attacks as you move away!
The iguana closely misses you.
The iguana looks more healthy.
You hit the iguana.
The iguana is poisoned.
The iguana is severely wounded.
The iguana hisses menacingly.
The iguana bites you.
* * * LOW HITPOINT WARNING * * *
A scorpion comes into view.
You kill the iguana!
The Council accepts your kill. The scorpion stings you.
* * * LOW HITPOINT WARNING * * *
You are lethally poisoned!
The scorpion poisons you!
* * * LOW HITPOINT WARNING * * *
You feel very sick. The scorpion closely misses you. x2
Unknown command.
Really quaff the potion of lignification?
You turn into a tree.
Your +0 helmet melds into your body.
Your +0 pair of boots melds into your body.
Your +0 robe melds into your body.
Your roots penetrate the ground.
* * * LOW HITPOINT WARNING * * *
You feel sick.
The scorpion stings you but does no damage.
You hit the scorpion.
The scorpion is poisoned.
The scorpion is lightly wounded.
* * * LOW HITPOINT WARNING * * *
You feel sick.
The scorpion stings you but does no damage.
It was a potion of brilliance.
You feel clever all of a sudden.
You die...

#....# #....# #....# ###
..... ..# .... #.#
########## ..#
#?#######......... #.#
#.##...##.########
.##.####.##...##.###########
...†............♣..........<
!##########...##s##.########
#...##....# #####..####
#...###########
#..#...........#
#..############.# ....
#.#.#.# .### #...#.#


You could see a scorpion (poisoned).

Vanquished Creatures
  A black bear (D:4)
  A scorpion (D:4)
  A necrophage (D:4)
  A hound (D:5)
  2 iguanas
  3 adders
  An ufetubus (D:5)
  3 worms
  An orc (D:4)
  10 ball pythons
  5 bats
  6 endoplasms
  A giant cockroach (D:1)
  9 goblins
  6 hobgoblins
  3 jackals (D:4)
  4 quokkas
  3 frilled lizards
  A kobold (D:2)
  5 rats
67 creatures vanquished.

Vanquished Creatures (others)
  10 plants (D:2)
10 creatures vanquished.

Grand Total: 77 creatures vanquished

Notes
Turn   | Place    | Note
-------+----------+-------------------------------------------
     0 | D:1      | Leeroy the Merfolk Transmuter began the quest for the Orb.
     0 | D:1      | Reached XP level 1. HP: 15/15 MP: 3/3
   111 | D:1      | Reached XP level 2. HP: 21/21 MP: 5/5
   156 | D:1      | Reached skill level 4 in Unarmed Combat
   400 | D:2      | Reached XP level 3. HP: 23/26 MP: 6/6
   404 | D:2      | Learned a level 3 spell: Spider Form
   640 | D:2      | Reached skill level 5 in Unarmed Combat
  1229 | D:3      | HP: 1/26 [frozen (1)]
  1466 | D:3      | Noticed an ogre
  1504 | D:3      | Found an ancient bone altar of Kikubaaqudgha.
  1532 | D:3      | Reached XP level 4. HP: 30/32 MP: 7/7
  1556 | D:3      | Noticed Natasha
  1696 | D:4      | Reached skill level 1 in Stealth
  1761 | D:4      | Noticed a necrophage
  1791 | D:4      | Killed a necrophage
  1792 | D:4      | Reached XP level 5. HP: 17/37 MP: 1/8
  2055 | D:4      | Found a staircase to the Ecumenical Temple.
  2063 | Temple   | Entered the Ecumenical Temple
  2070 | Temple   | Became a worshipper of the Wu Jian Council
  2158 | D:4      | Noticed a black bear
  2167 | D:4      | Reached skill level 6 in Unarmed Combat
  2167 | D:4      | Reached XP level 6. HP: 34/43 MP: 9/9
  2203 | D:4      | Killed a black bear
  2844 | D:5      | Entered Level 5 of the Dungeon
  2903 | D:5      | Reached skill level 7 in Unarmed Combat
  2931 | D:5      | HP: 2/64 [poisoned by a scorpion]
  2932 | D:5      | Succumbed to a scorpion's poison

Illustrated notes

Levels and vault maps discovered:
D:1:      onia_arrival_pentagram, layout_rooms
D:2:      layout_basic, serial_bayou, serial_bayou_ford_a, serial_bayou_shore_b,
          serial_bayou_lagoon_a, serial_bayou_lake_a, serial_bayou_pond_a
D:3:      layout_rooms, old_standard_altar, minmay_surrounded, uniq_natasha
D:4:      layout_loops_cross, temple_statues, serial_rivers,
          chequers_serial_rivers_marsh, chequers_serial_rivers_large_b,
          chequers_serial_rivers_small_3, chequers_serial_rivers_small_a,
          chequers_serial_rivers_large_a, nicolae_underground_beach
D:5:      layout_basic
Temple:   nicolae_temple_no_exploring_needed

Skill      XL: |  1  2  3  4  5  6 |
---------------+-------------------+-----
Unarmed Combat | 4 5 6 7 |  7.0
Stealth        | 3 |  3.6
Transmutations | 3 |  3.6
Fighting       | |  1.1
Dodging        | |  2.6
Spellcasting   | |  2.0

Action                   |  1- 3 |  4- 6 || total
-------------------------+-------+-------++-------
Melee: Unarmed           |    18 |    21 ||    39
       Punch             |     3 |     3 ||     6
       Dagger            |    77 |    61 ||   138
       Headbutt          |       |     2 ||     2
Throw: Dart              |       |     1 ||     1
 Cast: Spider Form       |       |     2 ||     2
       Beastly Appendage |       |     1 ||     1
Invok: Lunge             |       |     4 ||     4
  Use: Potion            |       |     2 ||     2
 Stab: Sleeping          |     2 |     6 ||     8
Armor: Robe              |    21 |     8 ||    29
       Skin              |       |     2 ||     2
Dodge: Dodged            |    55 |    53 ||   108

Table legend: (Time is in decaauts)
 A = Elapsed time spent in this place.
 B = Non-inter-level travel time spent in this place.
 C = Inter-level travel time spent in this place.
 D = Time resting spent in this place.
 E = Time spent auto-exploring this place.
 F = Levels seen in this place.
 G = Mean time per level.
                   A        B        C        D        E       F      G
               +--------+--------+--------+--------+--------+-----+--------+
         Total |   2830 |   2681 |    149 |    200 |   1913 |   6 |  471.7 |
       Dungeon |   2816 |   2678 |    138 |    200 |   1913 |   5 |  563.2 |
        Temple |     13 |      3 |     10 |      0 |      0 |   1 |   13.0 |
               +--------+--------+--------+--------+--------+-----+--------+

Top non-repeatable levels by time:
     D:4: 1188 daAuts
     D:2: 810 daAuts
     D:3: 370 daAuts
     D:1: 359 daAuts
     D:5: 87 daAuts
  Temple: 13 daAuts
